 Dungeon Crawl Stone Soup version 0.30-a0-756-gc2185399d4 (webtiles) character file.

Game seed: 494560400447326081

16078 Leeroy the Carver (level 12, -7/63 HPs)
             Began as a Vine Stalker Warper on Feb 9, 2023.
             Was a High Priest of Uskayaw.
             Mangled by a wolf (18 damage)
             ... on level 2 of the Lair of Beasts.
             The game lasted 00:20:51 (13649 turns).

Leeroy the Carver (Vine Stalker Warper)            Turns: 13649, Time: 00:20:52

Health: -7/63      AC:  7    Str: 15    XL:     12   Next: 33%
Magic:  0/22       EV:  2    Int: 13    God:    Uskayaw [*****.]
Gold:   827        SH:  0    Dex: 18    Spells: 14/23 levels left

rFire   . . .      SeeInvis .    Q - +2 scimitar
rCold   . . .      Faith    .    (no shield)
rNeg    . . .      Spirit   +    o - +0 troll leather armour
rPois   .          Reflect  .    g - +1 hat
rElec   .          Harm     .    (no cloak)
rCorr   .          Rampage  .    (no gloves)
Will    +....                    F - +1 pair of boots
Stlth   +                        L - amulet of regeneration
HPRegen 2.70/turn                (no ring)
MPRegen 0.18/turn                (no ring)

@: sleeping
A: fangs 3, regeneration 1, magic shield, antimagic bite, no potion heal 2
a: Renounce Religion, Stomp, Line Pass, Grand Finale


You were on level 2 of the Lair of Beasts.
You worshipped Uskayaw.
Uskayaw was noncommittal.
You visited 3 branches of the dungeon, and saw 14 of its levels.

You collected 882 gold pieces.
You spent 55 gold pieces at shops.

Inventory:

Hand Weapons
 u - the +7 hand axe "Anirr" {freeze, rN+ Str+2 Dex-5}
   (You found it on level 3 of the Dungeon)

   Str:       It affects your strength (+2).
   Dex:       It affects your dexterity (-5).
   rN:        It protects you from negative energy.
 x - a +1 heavy triple sword
 y - a +0 dagger of speed
 z - a +3 dagger of venom
 Q - a +2 scimitar (weapon)
 R - a +0 great sword
 X - a +0 short sword of protection
Missiles
 d - 10 boomerangs of dispersal
 f - 2 silver boomerangs
 i - 4 curare-tipped darts
 A - 31 poisoned darts (quivered)
 Y - 2 boomerangs
Armour
 b - a +0 leather armour
 c - a +2 scale mail of willpower
 g - a +1 hat (worn)
 o - a +0 troll leather armour (worn)
 p - a +0 pair of boots
 C - a +0 helmet
 F - a +1 pair of boots (worn)
 V - +0 steam dragon scales
Jewellery
 e - a ring of magical power
 B - an amulet of reflection
 L - an amulet of regeneration (around neck)
Wands
 a - a wand of flame (15)
 H - a wand of digging (25)
 I - a wand of mindburst (6)
Scrolls
 h - 4 scrolls of enchant armour
 k - 4 scrolls of teleportation
 m - 3 scrolls of fog
 s - a scroll of silence
 t - 4 scrolls of poison
 w - 3 scrolls of immolation
 D - a scroll of fear
 J - 2 scrolls of torment
 S - 2 scrolls of vulnerability
 T - a scroll of brand weapon
 W - 2 scrolls of magic mapping
 Z - 2 scrolls of noise
Potions
 j - 5 potions of degeneration
 l - a potion of berserk rage
 n - 3 potions of attraction
 q - 3 potions of curing
 r - a potion of magic
 v - a potion of invisibility {unknown}
 E - 2 potions of resistance {unknown}
 G - 2 potions of flight {unknown}
 K - a potion of mutation {unknown}
 M - 3 potions of brilliance {unknown}
 N - 3 potions of lignification {unknown}
 O - a potion of might {unknown}
 P - 2 potions of cancellation {unknown}
 U - a potion of ambrosia {unknown}


   Skills:
 - Level 7.0 Fighting
 + Level 14.6 Long Blades
 - Level 0.8 Throwing
 - Level 3.0 Armour
 - Level 5.1 Dodging
 - Level 6.2 Spellcasting
 - Level 3.0 Translocations


You had 14 spell levels left.
You knew the following spells:

 Your Spells              Type           Power      Damage    Failure   Level
a - Blink                 Tloc           22%        N/A       9%          2
b - Vhi's Electric Charg  Tloc/Air       14%        N/A       32%         3
c - Manifold Assault      Tloc           11%        N/A       52%         4

Your spell library contained the following spells:

 Spells                   Type           Power      Damage    Failure   Level
 Lesser Beckoning         Tloc           22%        N/A       9%          2
 Gell's Gravitas          Tloc           11%        N/A       19%         3
 Teleport Other           Tloc           11%        N/A       19%         3
 Magic Dart               Conj           16%        1d3       21%         1
 Call Imp                 Summ           4%         N/A       30%         2
 Static Discharge         Conj/Air       8%         2-3/arc   30%         2
 Mephitic Cloud           Conj/Pois/Air  4%         N/A       52%         3
 Airstrike                Air            2%         2d(1-17)  90%         4
 Summon Lightning Spire   Summ/Air       4%         N/A       90%         4
 Arcjolt                  Conj/Air       2%         1d12      99%         5
 Lightning Bolt           Conj/Air       2%         1d13      99%         5
 Dispersal                Tloc           5%         N/A       100%        6
 Disjunction              Tloc           5%         N/A       100%        8


Dungeon Overview and Level Annotations

Branches:
Dungeon (11/15)            Temple (1/1) D:7            Lair (2/5) D:8
  Swamp: Lair:2-3    Shoals: Lair:2-3     Snake: Lair:2-3    Spider: Lair:2-3
    Orc: D:9-12

Altars:
Ashenzari
Cheibriados
Dithmenos
Elyvilon
Fedhas
Gozag
Hepliaklqana
Kikubaaqudgha
Makhleb
Nemelex Xobeh
Okawaru
Qazlal
Ru
Sif Muna
Trog
Uskayaw
Vehumet
Xom
Zin
The Shining One

Shops:
D:2 !

Annotations:
D:11 1 runed translucent door, vineage's ghost, journeyman GrFi


Innate Abilities, Weirdness & Mutations

You have razor-sharp teeth.
Your natural rate of healing is unusually fast.
When hurt, damage is shared between your health and your magic reserves.
Your bite disrupts and absorbs the magic of your enemies.
Potions cannot restore your health.


Message History

You hit the dream sheep but do no damage.
The dream sheep is severely wounded.
The dream sheep is no longer sharing its pain. x3
The wolf is no longer sharing its pain. x2; The dream sheep bites you!
* * * LOW HITPOINT WARNING * * *
The dream sheep completely misses you. The wolf closely misses you.
You barely miss the dream sheep. Your bite misses the dream sheep.
The dream sheep is severely wounded.
The wolf bites you.
* * * LOW HITPOINT WARNING * * *
The dream sheep barely misses you. The dream sheep bites you.
* * * LOW HITPOINT WARNING * * *
You closely miss the dream sheep.
You punch the dream sheep, but do no damage.
You bite the dream sheep. You drain its power.
You feel invigorated.
The dream sheep is almost dead.
The wolf barely misses you.
You slash the dream sheep!
You kill the dream sheep!
The wolf bites you!
* * * LOW HITPOINT WARNING * * *
The dream sheep bites you but does no damage.
You can now merge with and destroy a victim.
You hit the dream sheep. You bite the dream sheep.
You kill the dream sheep!
The wolf bites you.
* * * LOW HITPOINT WARNING * * *
The dream sheep ruffle their wool and motes of dream dust sparkle, to no effect.
The wolf bites you but does no damage.
You slash the wolf! Your bite misses the wolf.
The wolf is severely wounded.
The wolf bites you!
* * * LOW HITPOINT WARNING * * *
Okay, then.
You slash the wolf!
You kill the wolf!
The dream sheep shake their wool and sparkle.
You feel drowsy...
You fall asleep.
The wolf bites you!!
You die...

...#####.###..#####
#.## #####..###P##
..# #.#.P#...# #..
#......### #..
###........#
..#...#.#.#......###
.. ..............#
.#.#####....††#
#.P.##..#@#
...?.......##h#
...........#


YY. ..........Y# ..... ............#....... #.###.P#....?....... ##
####.....$...... #.P##........ P.# #.Y.h. You could see a wolf and 2 dream
sheep.

Vanquished Creatures
  A two-headed ogre (D:11)
  A deep elf pyromancer (D:10)
  A deep elf zephyrmancer (D:10)
  5 cane toads
  A komodo dragon (Lair:1)
  Maggie (D:8)
  A rime drake (Lair:1)
  A hornet (D:8)
  A troll (D:10)
  3 dream sheep (Lair:2)
  23 yaks
  3 wraiths (D:9)
  4 wyverns
  2 steam dragons
  3 wargs (D:8)
  An acid dragon (D:9)
  8 water moccasins
  4 orc warriors
  A swamp drake (D:10)
  4 sky beasts
  A black bear (D:4)
  4 ice beasts
  13 wolves (Lair:2)
  3 centaurs
  4 ogres
  A phantom (D:6)
  4 kobold brigands
  2 necrophages
  3 bullfrogs
  A gnoll sergeant (D:5)
  A scorpion (D:4)
  9 wights
  4 killer bees (D:10)
  3 howler monkeys
  A crimson imp (D:10)
  2 hounds
  A jelly (D:7)
  6 orc priests
  An iron imp (D:10)
  A gnoll bouda (D:6)
  4 iguanas
  10 orc wizards
  Robin (D:4)
  27 gnolls
  4 adders
  2 shadow imps
  2 white imps
  An ufetubus (D:6)
  A dart slug (D:5)
  28 orcs
  4 ball pythons
  6 endoplasms
  4 giant cockroaches
  20 goblins
  13 hobgoblins
  5 jackals
  36 kobolds
  6 quokkas
  4 bats
  5 frilled lizards
  6 rats
323 creatures vanquished.

Vanquished Creatures (others)
  An orc (D:10)
  12 fungi
  9 plants
22 creatures vanquished.

Grand Total: 345 creatures vanquished

Notes
Turn   | Place    | Note
-------+----------+-------------------------------------------
     0 | D:1      | Leeroy the Vine Stalker Warper began the quest for the Orb.
     0 | D:1      | Reached XP level 1. HP: 11/11 MP: 4/4
    74 | D:1      | Reached skill level 2 in Long Blades
   159 | D:1      | Reached XP level 2. HP: 12/15 MP: 3/6
   252 | D:1      | Learned a level 2 spell: Blink
   802 | D:2      | Reached skill level 3 in Long Blades
   870 | D:2      | Reached XP level 3. HP: 18/18 MP: 7/7
   930 | D:2      | Found a snail-covered altar of Cheibriados.
  1001 | D:2      | Found Vos Haoth's Distillery.
  1027 | D:2      | Bought a potion of berserk rage for 55 gold pieces
  1903 | D:3      | Found a glowing silver altar of Zin.
  1907 | D:3      | Gained mutation: Your natural rate of healing is unusually
                  | fast. [Vine Stalker growth]
  1907 | D:3      | Reached XP level 4. HP: 23/23 MP: 8/8
  1942 | D:3      | Found an iron altar of Okawaru.
  1949 | D:3      | Identified the +7 hand axe "Anirr" {freeze, rN+ Str+2
                  | Dex-5}
  2156 | D:3      | Noticed an ogre
  2236 | D:2      | HP: 1/24 [ogre/+0 giant club (14)]
  2262 | D:2      | Killed an ogre
  2263 | D:2      | Reached XP level 5. HP: 28/28 MP: 3/12
  2575 | D:3      | Noticed a kobold brigand
  2586 | D:3      | Killed a kobold brigand
  2587 | D:3      | Reached XP level 6. HP: 23/32 MP: 13/13
  2621 | D:3      | Reached skill level 4 in Long Blades
  3061 | D:3      | Reached skill level 5 in Long Blades
  3061 | D:3      | Reached XP level 7. HP: 35/36 MP: 14/14
  3324 | D:4      | Learned a level 3 spell: Vhi's Electric Charge
  3329 | D:4      | Learned a level 4 spell: Manifold Assault
  3331 | D:4      | Noticed Robin
  3575 | D:4      | Killed Robin
  3576 | D:4      | Reached skill level 6 in Long Blades
  4365 | D:4      | Gained mutation: You have razor-sharp teeth. [Vine Stalker
                  | growth]
  4365 | D:4      | Reached XP level 8. HP: 39/40 MP: 12/15
  4475 | D:5      | Entered Level 5 of the Dungeon
  5029 | D:6      | Noticed a yak
  5031 | D:6      | Noticed a yak
  5032 | D:6      | Noticed a yak
  5032 | D:6      | Noticed a yak
  5033 | D:6      | Noticed a yak
  5066 | D:5      | Killed a yak
  5067 | D:5      | Reached skill level 5 in Dodging
  5710 | D:5      | Killed a yak
  5711 | D:5      | Reached skill level 5 in Spellcasting
  5711 | D:5      | Reached XP level 9. HP: 34/44 MP: 10/17
  6834 | D:6      | Reached skill level 5 in Fighting
  7336 | D:6      | Found a hide-covered altar of Uskayaw.
  7338 | D:6      | Found a snail-covered altar of Cheibriados.
  7341 | D:6      | Became a worshipper of Uskayaw the Reveller
  7516 | D:7      | Reached * piety under Uskayaw
  7522 | D:7      | Reached ** piety under Uskayaw
  7625 | D:7      | Found a white marble altar of Elyvilon.
  7684 | D:7      | Reached *** piety under Uskayaw
  7773 | D:7      | Found a staircase to the Ecumenical Temple.
  7901 | D:7      | Reached XP level 10. HP: 55/55 MP: 20/20
  7943 | D:7      | Reached skill level 7 in Long Blades
  8273 | Temple   | Entered the Ecumenical Temple
  8462 | D:8      | Reached **** piety under Uskayaw
  8464 | D:8      | Reached skill level 8 in Long Blades
  8819 | D:8      | Noticed Maggie
  8947 | D:8      | Found a broken altar of Ashenzari.
  8947 | D:8      | Found a sparkling altar of Nemelex Xobeh.
  9165 | D:8      | Reached skill level 9 in Long Blades
  9284 | D:8      | Killed Maggie
  9533 | D:8      | Found a staircase to the Lair.
  9558 | D:8      | Reached ***** piety under Uskayaw
  9563 | D:8      | Reached skill level 10 in Long Blades
  9576 | D:8      | Reached ****** piety under Uskayaw
 10049 | D:9      | Reached XP level 11. HP: 47/58 MP: 19/21
 10459 | D:9      | Reached skill level 11 in Long Blades
 11093 | D:10     | Entered Level 10 of the Dungeon
 11457 | D:10     | Reached skill level 12 in Long Blades
 11901 | D:10     | Noticed a deep elf zephyrmancer
 11906 | D:10     | Killed a deep elf zephyrmancer
 11914 | D:10     | Noticed a deep elf pyromancer
 11923 | D:10     | Killed a deep elf pyromancer
 12009 | D:11     | Noticed a two-headed ogre
 12015 | D:11     | Killed a two-headed ogre
 12111 | D:11     | Found a runed translucent door.
 12112 | D:11     | Noticed vineage's ghost (journeyman GrFi)
 12122 | D:11     | Noticed a brown ugly thing
 12290 | D:11     | Noticed a cyclops
 12539 | Lair:1   | Entered Level 1 of the Lair of Beasts
 12548 | Lair:1   | Reached skill level 13 in Long Blades
 12971 | Lair:1   | Reached XP level 12. HP: 44/63 MP: 13/22
 13159 | Lair:1   | Reached skill level 14 in Long Blades
 13649 | Lair:2   | Mangled by a wolf

Illustrated notes

Levels and vault maps discovered:
D:1:      psy_arrival_dodecagon, layout_basic, chequers_serial_rivers_micro_a
D:2:      layout_basic, serial_shops, shop, basic_altar
D:3:      minmay_goblin_kobold_castle, layout_basic, okawaru_ov_weapons_minmay,
          mainiacjoe_overflow_cross_hatched, minmay_ogre_servants
D:4:      layout_gridville, serial_bayou, serial_bayou_pond_c,
          serial_bayou_pond_a, serial_bayou_pond_a, serial_bayou_pond_e,
          uniq_robin
D:5:      layout_basic, dk_vineyard_2
D:6:      layout_loops_ring, minitemple, minmay_misc_feat_pillars,
          kennysheep_pointless_box
D:7:      layout_basic, mainiacjoe_overflow_alcove_4, minmay_temple_entry_mist,
          kennysheep_generic_room_12
D:8:      layout_basic, mainiacjoe_overflow_divided_tiny,
          erik_lair_orcish_takeover, enter_bailey_3, uniq_maggie
D:9:      kennysheep_six_static_rooms, layout_basic
D:10:     layout_irregular_city, hangedman_minor_magic
D:11:     layout_basic, hellmonk_ghost_big_iron, enter_trove_0, uniq_erolcha
Temple:   regret_index_temple_waves
Lair:1:   layout_gridlike
Lair:2:   layout_gridlike, grunt_megastairs_1

Skill      XL: |  1  2  3  4  5  6  7  8  9 10 11 12 |
---------------+-------------------------------------+-----
Long Blades    | 2 3 5 6 10 13 14 | 14.6
Fighting       | 2 3 7 |  7.0
Spellcasting   | 4 5 6 |  6.2
Dodging        | 2 5 |  5.1
Armour         | 3 |  3.0
Throwing       | |  0.8
Translocations | |  3.0

Action                     |  1- 3 |  4- 6 |  7- 9 | 10-12 || total
---------------------------+-------+-------+-------+-------++-------
  Melee: Falchion          |   101 |       |    26 |       ||   127
         Bite              |    23 |    30 |   120 |   184 ||   357
         Punch             |     3 |       |     7 |     8 ||    18
         Hand axe          |       |    37 |     6 |       ||    43
         Dagger            |       |    91 |   269 |       ||   360
         Club              |       |       |     8 |       ||     8
         Scimitar          |       |       |    70 |   517 ||   587
  Throw: Dart              |       |     1 |     1 |       ||     2
   Cast: Blink             |       |       |     3 |     3 ||     6
         Vhi's Electric Ch |       |       |     1 |     1 ||     2
  Evoke: Wand              |       |       |     2 |     9 ||    11
    Use: Scroll            |       |     1 |       |    24 ||    25
         Potion            |       |       |       |     1 ||     1
   Stab: Sleeping          |       |     1 |     2 |     4 ||     7
         Paralysed         |       |       |     1 |    20 ||    21
 Armour: Leather armour    |    41 |    28 |    85 |       ||   154
         Steam dragon scal |       |       |       |    59 ||    59
         Troll leather arm |       |       |       |    57 ||    57
  Dodge: Dodged            |    53 |    86 |   248 |   386 ||   773

Table legend: (Time is in decaauts)
 A = Elapsed time spent in this place.
 B = Non-inter-level travel time spent in this place.
 C = Inter-level travel time spent in this place.
 D = Time resting spent in this place.
 E = Time spent auto-exploring this place.
 F = Levels seen in this place.
 G = Mean time per level.
                   A        B        C        D        E       F      G
               +--------+--------+--------+--------+--------+-----+--------+
         Total |  13628 |  12472 |   1156 |   1233 |   8296 |  14 |  973.4 |
       Dungeon |  12476 |  11455 |   1021 |   1228 |   7513 |  11 | 1134.2 |
        Temple |     81 |     56 |     25 |      0 |     44 |   1 |   81.0 |
          Lair |   1070 |    961 |    109 |      5 |    738 |   2 |  535.0 |
               +--------+--------+--------+--------+--------+-----+--------+

Top non-repeatable levels by time:
     D:5: 1568 daAuts
     D:3: 1562 daAuts
     D:9: 1440 daAuts
     D:8: 1419 daAuts
     D:4: 1200 daAuts
     D:2: 1193 daAuts
     D:6: 1092 daAuts
     D:7: 1050 daAuts
    D:10: 904 daAuts
  Lair:1: 874 daAuts
     D:1: 796 daAuts
    D:11: 246 daAuts
  Lair:2: 196 daAuts
  Temple: 81 daAuts
